 Dungeon Crawl Stone Soup version 0.31-a0-662-g684573625c (webtiles) character file.

Game seed: 16635935206150749853

77 arthad the Shield-Bearer (level 4, -2/55 HPs)
             Began as a Formicid Fighter on Sept 1, 2023.
             Slain by Crazy Yiuf
             ... wielding a +2 quarterstaff of chaos
              (3 damage)
             ... on level 2 of the Dungeon.
             The game lasted 00:03:04 (1621 turns).

arthad the Shield-Bearer (Formicid Fighter)         Turns: 1621, Time: 00:03:05

Health: -2/55      AC: 22    Str: 22    XL:     4   Next: 60%
Magic:  0/4        EV:  2    Int:  8    God:
Gold:   117        SH:  7    Dex: 13    Spells: 3/3 levels left

rFire   . . .        a - +0 war axe
rCold   + . .        r - +2 buckler
rNeg    . . .        b - melded +0 scale mail
rPois   +            (helmet unavailable)
rElec   .            (cloak currently unavailable)
rCorr   .            (gloves currently unavailable)
SInv    .            q - melded +0 pair of boots
Will    .....        (no amulet)
Stlth   +            f - ring of flight
HPRegen 0.29/turn    g - ring of protection from cold
MPRegen 0.09/turn

%: no passive effects
@: mighty, lethally poisoned (-2 -> -5), tree-form
A: stationary, stasis, torment immunity, boosted hp, permanent stasis, dig
shafts and tunnels, (antennae 3), four strong arms
a: no special abilities


You were on level 2 of the Dungeon.
You were a tree.
You visited 1 branch of the dungeon, and saw 2 of its levels.

You collected 117 gold pieces.

Inventory:

Hand Weapons
 a - a +0 war axe (weapon)
Armour
 b - a +0 scale mail (melded)
 c - a +0 buckler
 q - a +0 pair of boots (melded)
 r - a +2 buckler (worn)
Jewellery
 f - a ring of flight (left branch)
 g - a ring of protection from cold (right branch)
 o - a ring of resist corrosion
Scrolls
 e - 2 scrolls of teleportation {unknown}
 j - a scroll of butterflies {unknown}
 k - a scroll of fog {unknown}
 l - a scroll of immolation {unknown}
 n - a scroll of enchant weapon {unknown}
 p - a scroll of blinking {unknown}
Potions
 d - a potion of might
 h - a potion of curing {unknown}
 i - a potion of mutation {unknown}
 m - a potion of lignification


   Skills:
 * Level 4.1 Fighting
 * Level 3.0 Axes
 + Level 3.7 Armour
 + Level 4.6 Shields


You had 3 spell levels left.
You didn't know any spells.
Your spell library contained the following spells:

 Spells                   Type           Power      Damage    Failure   Level
 Sandblast                Erth           0%         2d4       45%         1
 Passwall                 Tmut/Erth      0%         N/A       61%         2
 Stone Arrow              Conj/Erth      0%         3d7       83%         3


Dungeon Overview and Level Annotations

Branches:
Dungeon (2/15)

Altars:

Shops:
D:2 [

Annotations:
D:2 Crazy Yiuf


Innate Abilities, Weirdness & Mutations

You are a tree.
Your roots penetrate the ground, keeping you stationary.
You cannot be teleported.
You are immune to unholy pain and torment.
Your maximum health is greatly increased.
Your equipment is partially melded.
You cannot be hasted, slowed, berserked, paralysed or teleported.
You can dig through walls and to a lower floor.
((You have a pair of large antennae on your head. (SInv)))
Your four strong arms can wield two-handed weapons with a shield.


Message History

You see here a +0 dagger.
You see here a +0 dagger.
You see here a bat skeleton.
You see here a +0 robe.
There is an escape hatch in the floor here.
Key pressed, stopping explore.
Crazy Yiuf shouts!
Could not explore, unopened runed door.
You reach down and open the door.
You barely miss Crazy Yiuf. You block Crazy Yiuf's attack.
You hit Crazy Yiuf.
Crazy Yiuf is lightly wounded.
Crazy Yiuf hits you with a +2 quarterstaff of chaos!
You feel your power leaking away. Crazy Yiuf misses you.
You slash Crazy Yiuf!
Crazy Yiuf is moderately wounded.
Crazy Yiuf hits you with a +2 quarterstaff of chaos.
You are poisoned.
You barely miss Crazy Yiuf.
Crazy Yiuf is moderately wounded.
You feel very sick.
Crazy Yiuf screams, "Cholesterol!
Peeping down agre."
Crazy Yiuf hits you with a +2 quarterstaff of chaos.
Crazy Yiuf burns you.
Crazy Yiuf hits you with a +2 quarterstaff of chaos!
Crazy Yiuf burns you.
* * * LOW HITPOINT WARNING * * *
You are too injured to fight recklessly!
You are too injured to fight recklessly!
It was a potion of lignification.
You turn into a tree.
Your +0 pair of boots melds into your body.
Your +0 scale mail melds into your body.
Your roots penetrate the ground.
You feel sick. You block Crazy Yiuf's attack.
You feel very mighty all of a sudden.
You feel sick.
Crazy Yiuf hits you with a +2 quarterstaff of chaos!
* * * LOW HITPOINT WARNING * * *
Crazy Yiuf burns you.
You die...

......# #.#
#....#
######..##
......# #.#
#....# #......#
.####.####>#
#....# #.##...#
.#>......#.#
#...## #.##....
.#..#.##...#
##.## #.##.#.#
.#..#.###..#
#.##
#####.##.#.#
.#........[#
##.#
#...........
.#########.#
#.##
##########.#
.#.......#.#
##♣# #.#
...#####.#.#
#g# #### #.#
##.#.......#
... #..# #.#
##.........#
#...# #..# #..
#.##.#######
#..)# #..# ###
#.##.# #####
#..# #.##.#
#..# #.##.#
######### ##..#
#....#
#.##.#..###...#


You could see Crazy Yiuf.

Vanquished Creatures
  2 adders (D:2)
  2 worms (D:2)
  A dart slug (D:1)
  4 ball pythons (D:1)
  4 endoplasms
  3 giant cockroaches
  2 goblins
  5 hobgoblins
  4 jackals (D:1)
  4 quokkas
  5 bats (D:2)
  5 frilled lizards
  5 kobolds
  3 rats (D:1)
49 creatures vanquished.

Notes
Turn   | Place    | Note
-------+----------+-------------------------------------------
     0 | D:1      | arthad the Formicid Fighter began the quest for the Orb.
     0 | D:1      | Reached XP level 1. HP: 18/18 MP: 1/1
   127 | D:1      | Reached XP level 2. HP: 16/24 MP: 2/2
   185 | D:1      | Reached XP level 3. HP: 25/30 MP: 3/3
   753 | D:2      | Found Piby's Armour Emporium.
   761 | D:2      | Reached XP level 4. HP: 35/37 MP: 4/4
  1311 | D:2      | Found a runed translucent door.
  1312 | D:2      | Noticed Crazy Yiuf
  1621 | D:2      | HP: 1/55 [Crazy Yiuf/+2 quarterstaff of chaos (10)]
  1621 | D:2      | Slain by Crazy Yiuf

Illustrated notes

Levels and vault maps discovered:
D:1:      tarquinn_simple_flora_water_f, layout_rooms
D:2:      layout_basic, serial_glass, glass_columns_a, glass_columns_a,
          serial_shops, shop, kennysheep_generic_room_12,
          uniq_crazy_yiuf_cottage

Skill      XL: |  1  2  3  4 |
---------------+-------------+-----
Fighting       | 4 |  4.1
Axes           | 3 |  3.0
Armour         | |  3.7
Shields        | |  4.6

Action                     |  1- 3 |  4- 6 || total
---------------------------+-------+-------++-------
  Melee: War axe           |    85 |    59 ||   144
Ability: Dig               |     4 |       ||     4
    Use: Potion            |       |     2 ||     2
 Armour: Scale mail        |    61 |    42 ||   103
         Skin              |       |     1 ||     1
  Dodge: Dodged            |    42 |    27 ||    69
  Block: Buckler           |    22 |    16 ||    38

Table legend: (Time is in decaauts)
 A = Elapsed time spent in this place.
 B = Non-inter-level travel time spent in this place.
 C = Inter-level travel time spent in this place.
 D = Time resting spent in this place.
 E = Time spent auto-exploring this place.
 F = Levels seen in this place.
 G = Mean time per level.
                   A        B        C        D        E       F      G
               +--------+--------+--------+--------+--------+-----+--------+
         Total |   1676 |   1665 |     11 |      0 |   1282 |   2 |  838.0 |
       Dungeon |   1676 |   1665 |     11 |      0 |   1282 |   2 |  838.0 |
               +--------+--------+--------+--------+--------+-----+--------+

Top non-repeatable levels by time:
     D:2: 1045 daAuts
     D:1: 630 daAuts
